 Dungeon Crawl Stone Soup version 0.26-a0-451-gacbe401039 (webtiles) character file.

Game seed: 10161845449688764489

44 MrRokkomies the Skirmisher (level 3, 0/31 HPs)
             Began as a Palentonga Delver on July 28, 2020.
             Succumbed to an adder's poison
             ... on level 2 of the Dungeon.
             The game lasted 00:01:34 (478 turns).

MrRokkomies the Skirmisher (Palentonga Delver)       Turns: 478, Time: 00:01:35

Health: 0/31       AC:  4    Str: 15    XL:     3   Next: 41%
Magic:  3/3        EV: 10    Int: 11    God:
Gold:   0          SH:  0    Dex: 11    Spells: 2/2 levels left

rFire    . . .     SeeInvis +   a - +0 mace
rCold    . . .     Faith    .   (no shield)
rNeg     . . .     Spirit   .   b - +0 leather armour
rPois    .         Reflect  .   (no helmet)
rElec    .         Harm     .   (no cloak)
rCorr    .                      (no gloves)
MR       .....                  (boots restricted)
Stlth    ++........             (no amulet)
HPRegen  0.10/turn              (no ring)
MPRegen  0.08/turn              (no ring)

@: lethally poisoned (0 -> -4)
A: large, rugged brown scales 3, see invisible, deformed body, roll, armoured
tail
a: Rolling Charge


You were on level 2 of the Dungeon.
You visited 1 branch of the dungeon, and saw 4 of its levels.

Inventory:

Hand Weapons
 a - a +0 mace (weapon)
Missiles
 e - 3 boomerangs (quivered)
Armour
 b - a +0 leather armour (worn)
Wands
 g - a wand of digging (3)
Scrolls
 c - a scroll of fog
 d - a scroll of magic mapping
 f - a scroll of remove curse {unknown}


   Skills:
 * Level 3.6 Fighting
 * Level 2.8 Maces & Flails
 + Level 2.0 Dodging
 - Level 3.4 Stealth


You had 2 spell levels left.
You didn't know any spells.
Your spell library contained the following spells:

 Spells                   Type           Power        Failure   Level
 Confusing Touch          Hex            #.......     78%         3
 Gell's Gravitas          Tloc           #.........   78%         3
 Petrify                  Tmut/Erth      #.......     99%         4
 Metabolic Englaciation   Hex/Ice        #.........   100%        5
 Yara's Violent Unravell  Hex/Tmut       #.........   100%        5


Dungeon Overview and Level Annotations

Branches:
Dungeon (5/15)
 Temple: D:4-7

Altars:


Innate Abilities, Weirdness & Mutations

You are completely covered in rugged brown scales. (AC +3, +7% HP)
You have supernaturally acute eyesight. (SInv)
Armour fits poorly on your strangely shaped body.
You can roll at foes to attack.
You have a long armoured tail.


Message History

* * * LOW HITPOINT WARNING * * *
You are poisoned.
The adder poisons you!
The jackal bites you but does no damage.
The jackal barely misses you. The adder misses you.
You aren't carrying any potions.
You completely miss the adder.
The adder is heavily wounded.
* * * LOW HITPOINT WARNING * * *
You feel sick. The jackal closely misses you. The jackal misses you.
The adder bites you but does no damage. The jackal closely misses you.
You miss the adder.
The adder is heavily wounded.
The jackal closely misses you. The adder bites you.
* * * LOW HITPOINT WARNING * * *
The jackal barely misses you. x2; The adder bites you but does no damage.
The jackal closely misses you.
You miss the adder.
The adder is heavily wounded.
You die...

#..........
#..#######. #..#
#(.# #.# #..#
#.#.# #..# #.#.#
#Kh# #.#.# #hS#
#.#.# #h@#
###.#.#
#..####...#.#
##.........>#
#.........##
#........###..#
#...............
#........#######
#........#
#........#


You could see an adder, 3 jackals and a kobold.

Vanquished Creatures
  A hound (D:4)
  An adder (D:2)
  An orc (D:4)
  A ball python (D:3)
  A quokka (D:3)
  2 leopard gecko skeletons
7 creatures vanquished.

Notes
Turn   | Place    | Note
-------+----------+-------------------------------------------
     0 | D:5      | MrRokkomies the Palentonga Delver began the quest for the
                  | Orb.
     0 | D:5      | Reached XP level 1. HP: 19/19 MP: 1/1
    69 | D:5      | Noticed a worker ant
    95 | D:4      | Noticed a hound
   132 | D:4      | Killed a hound
   132 | D:4      | Reached XP level 2. HP: 3/25 MP: 2/2
   132 | D:4      | Reached XP level 3. HP: 4/31 MP: 3/3
   477 | D:2      | HP: 1/31 [adder (4)]
   478 | D:2      | Succumbed to an adder's poison

Illustrated notes

Levels and vault maps discovered:
D:2:      layout_rooms, lemuel_round_altar, minitemple
D:3:      minmay_inner_zag, layout_basic, tso_oasis_becter, xom_teletrap_fun
D:4:      layout_basic, minmay_temple_entry_junction, serial_shops,
          nicolae_shop_trees
D:5:      layout_cave_pods, nicolae_overflow_crystal_walls, serial_undead,
          serial_undead_d, serial_undead_e, serial_undead_b, serial_undead_d,
          serial_undead_d, minmay_chambers_of_fives

Skill      XL: |  1  2  3 |
---------------+----------+-----
Dodging        | 2 |  2.0
Fighting       | |  3.6
Maces & Flails | |  2.8
Stealth        | |  3.4

Action                   || total
-------------------------++-------
Melee: Mace              ||    35
       Tailslap          ||     2
Throw: Boomerang         ||     4
  Use: Scroll            ||     1
       Potion            ||     1
Armor: Leather armour    ||    24
Dodge: Dodged            ||    45

Table legend: (Time is in decaauts)
 A = Elapsed time spent in this place.
 B = Non-inter-level travel time spent in this place.
 C = Inter-level travel time spent in this place.
 D = Time resting spent in this place.
 E = Time spent auto-exploring this place.
 F = Levels seen in this place.
 G = Mean time per level.
                   A        B        C        D        E       F      G
               +--------+--------+--------+--------+--------+-----+--------+
         Total |    468 |    462 |      6 |    302 |     55 |   4 |  117.0 |
       Dungeon |    468 |    462 |      6 |    302 |     55 |   4 |  117.0 |
               +--------+--------+--------+--------+--------+-----+--------+

Top non-repeatable levels by time:
     D:4: 299 daAuts
     D:5: 95 daAuts
     D:2: 49 daAuts
     D:3: 24 daAuts
